 Dungeon Crawl Stone Soup version 0.28.0-49-g6dfe1f597d (webtiles) character file.

Game seed: 14681110091642184604

57 nickcage the Poker (level 4, -4/33 HPs)
             Began as a Merfolk Gladiator on May 17, 2022.
             Slain by a gnoll
             ... wielding a +0 halberd
              (8 damage)
             ... on level 2 of the Dungeon.
             The game lasted 00:02:34 (1230 turns).

nickcage the Poker (Merfolk Gladiator)              Turns: 1230, Time: 00:02:34

Health: -4/33      AC:  7    Str: 16    XL:     4   Next: 0%
Magic:  4/4        EV: 11    Int:  7    God:
Gold:   31         SH:  0    Dex: 15    Spells: 3/3 levels left

rFire   . . .      SeeInvis .   a - +0 trident
rCold   . . .      Faith    .   (no shield)
rNeg    . . .      Spirit   .   f - +0 scale mail
rPois   .          Reflect  .   c - +0 helmet
rElec   .          Harm     .   e - scarf {shadows}
rCorr   .          Rampage  .   (no gloves)
Will    .....                   (no boots)
Stlth   ..........              (no amulet)
HPRegen 0.11/turn               (no ring)
MPRegen 0.09/turn               (no ring)

@: no status effects
A: (nimble swimmer 2), mertail
a: no special abilities


You were on level 2 of the Dungeon.
You visited 1 branch of the dungeon, and saw 2 of its levels.

You collected 31 gold pieces.

Inventory:

Hand Weapons
 a - a +0 trident (weapon)
Missiles
 d - 3 throwing nets (quivered)
Armour
 b - a +0 leather armour
 c - a +0 helmet (worn)
 e - a scarf of shadows (worn)
 f - a +0 scale mail (worn)
Scrolls
 g - a scroll of identify {unknown}


   Skills:
 - Level 2.1 Fighting
 + Level 6.9 Polearms
 - Level 2.0 Throwing
 - Level 4.0 Dodging


You had 3 spell levels left.
You didn't know any spells.
Your spell library was empty.

Dungeon Overview and Level Annotations

Branches:
Dungeon (2/15)

Altars:


Innate Abilities, Weirdness & Mutations

((You are very nimble when in or above water. (Stealth+, EV+, Speed+++)))
Your lower body shifts to a powerful aquatic tail in water.


Message History

The gnoll is severely wounded.
The gnoll closely misses you.
You reach to attack!
You hit the gnoll.
You kill the gnoll!
You reach to attack!
You hit the gnoll.
The gnoll is heavily wounded.
You hit the gnoll but do no damage.
The gnoll is heavily wounded.
The gnoll barely misses you.
You hit the gnoll.
The gnoll is almost dead.
The gnoll closely misses you.
You puncture the gnoll!
You kill the gnoll!
You hit the gnoll but do no damage. The gnoll hits you with a +0 whip.
The gnoll hits you from afar with a +0 halberd.
You barely miss the gnoll. You punch the gnoll.
The gnoll is lightly wounded.
The gnoll closely misses you. x2
You hit the gnoll.
The gnoll is moderately wounded.
The gnoll misses you. The gnoll barely misses you.
You puncture the gnoll!
The gnoll is severely wounded.
The gnoll hits you with a +0 whip.
The gnoll hits you from afar with a +0 halberd.
* * * LOW HITPOINT WARNING * * *
You are too injured to fight recklessly!
You are too injured to fight recklessly!
You are too injured to fight recklessly!
You hit the gnoll.
You kill the gnoll!
An adder comes into view.
The gnoll hits you from afar with a +0 halberd.
* * * LOW HITPOINT WARNING * * *
You have reached level 4!
The adder hisses angrily.
There is a stone staircase leading down here.
The gnoll hits you from afar with a +0 halberd!
You die...

######.#....#
#.# #........#
#.# #.#...#.##
#.#
...#...#.#####.#
###
#...........#
###...#######
##..# #[.# #.@#
##.# .. #g#
...##S##
#....(..######
#.#........(.#
#.)........#
####.......#
#...(...#


You could see a gnoll and an adder.

Vanquished Creatures
  3 gnolls (D:2)
  2 dart slugs (D:1)
  4 endoplasms
  A giant cockroach (D:1)
  A goblin (D:2)
  3 hobgoblins
  2 kobolds
  A ball python (D:1)
  3 bats
  3 frilled lizards (D:1)
  2 rats (D:2)
25 creatures vanquished.

Notes
Turn   | Place    | Note
-------+----------+-------------------------------------------
     0 | D:1      | nickcage the Merfolk Gladiator began the quest for the Orb.
     0 | D:1      | Reached XP level 1. HP: 16/16 MP: 1/1
   149 | D:1      | Reached skill level 5 in Polearms
   217 | D:1      | Reached XP level 2. HP: 22/22 MP: 2/2
  1035 | D:2      | Reached skill level 6 in Polearms
  1035 | D:2      | Reached XP level 3. HP: 24/27 MP: 3/3
  1229 | D:2      | Reached XP level 4. HP: 3/33 MP: 4/4
  1230 | D:2      | Slain by a gnoll

Illustrated notes

Levels and vault maps discovered:
D:1:      kilobyte_arrival_exit_the_forest, layout_basic, minmay_octomino_j4
D:2:      layout_basic, hellmonk_ecumenical_altar_leap_of_faith,
          hangedman_decor_push, kennysheep_generic_room_12

Skill      XL: |  1  2 |
---------------+-------+-----
Polearms       | 5 6 |  6.9
Fighting       | |  2.1
Throwing       | |  2.0
Dodging        | |  4.0

Action                   |  1- 3 |  4- 6 || total
-------------------------+-------+-------++-------
Melee: Trident           |    85 |       ||    85
       Punch             |     1 |       ||     1
Throw: Dart              |     2 |       ||     2
 Stab: Sleeping          |     1 |       ||     1
Armor: Leather armour    |     9 |       ||     9
       Scale mail        |    11 |       ||    11
Dodge: Dodged            |    42 |       ||    42
